 Dungeon Crawl Stone Soup version 0.27.1-1-g398f81649c (webtiles) character file.

Game seed: 3868233583224627374

41269 rogsnak the Destroyer (level 13, -4/87 HPs)
             Began as a Demonspawn Fire Elementalist on Sept 5, 2021.
             Was a High Priest of Sif Muna.
             Slain by an orc warlord (39 damage)
             ... on level 2 of the Orcish Mines.
             The game lasted 00:54:31 (17961 turns).

rogsnak the Destroyer (DsFE)                       Turns: 17961, Time: 00:54:32

Health: -4/87      AC:  7    Str:  9    XL:     13   Next: 79%
Magic:  20/27      EV: 12    Int: 22    God:    Sif Muna [*****.]
Gold:   1338       SH:  0    Dex: 13    Spells: 5/33 levels left

rFire    + + .     SeeInvis .   a - staff of fire
rCold    x . .     Faith    .   (no shield)
rNeg     . . .     Spirit   .   U - +0 troll leather armour
rPois    +         Reflect  .   (no helmet)
rElec    .         Harm     .   (no cloak)
rCorr    .         Rampage  .   X - +0 pair of gloves
Will     .....                  (boots unavailable)
Stlth    ++........             Y - amulet of magic regeneration
HPRegen  1.24/turn              S - ring of poison resistance
MPRegen  0.45/turn              e - ring of fire

@: lethally poisoned (-4 -> -29)
A: hooves 3, thin metallic scales 1, spiny 2, demonic magic 1
a: Renounce Religion, Channel Magic, Forget Spell, Divine Exegesis


You were on level 2 of the Orcish Mines.
You worshipped Sif Muna.
Sif Muna was extremely pleased with you.
You visited 2 branches of the dungeon, and saw 17 of its levels.

You collected 1338 gold pieces.

Inventory:

Hand Weapons
 n - a +2 whip of pain
 r - a +2 rapier of electrocution
 G - a +6 flail of venom
 J - the +7 spear of a sewer {flame, rPois rC- Int+8}
   (You found it on level 7 of the Dungeon)

   It burns those it strikes, dealing additional fire damage.
   Int:       It affects your intelligence (+8).
   rC:        It makes you vulnerable to cold.
   rPois:     It protects you from poison.
Missiles
 v - 12 curare-tipped darts
 w - 29 poisoned darts
 E - 7 atropa-tipped darts
 F - 3 throwing nets
 K - 7 boomerangs
Armour
 D - a +0 tower shield
 I - a +1 robe of cold resistance
 Q - +0 steam dragon scales
 U - a +0 troll leather armour (worn)
 W - a +0 buckler
 X - a +0 pair of gloves (worn)
Magical Staves
 a - a staff of fire (weapon)
Jewellery
 b - an amulet of regeneration
 e - a ring of fire (right hand)
 q - an amulet of the acrobat
 x - a +6 ring of dexterity
 y - a ring of resist corrosion
 H - a ring of protection from fire
 L - a +6 ring of strength
 S - a ring of poison resistance (left hand)
 Y - an amulet of magic regeneration (around neck)
Wands
 s - a wand of flame (24)
 M - a wand of iceblast (5)
 P - a wand of paralysis (25)
 V - a wand of polymorph (8)
 Z - a wand of acid (7)
Scrolls
 j - 4 scrolls of fear {unknown}
 k - 4 scrolls of amnesia {unknown}
 p - 2 scrolls of enchant armour {unknown}
 z - 6 scrolls of teleportation {unknown}
 A - a scroll of magic mapping
 C - 2 scrolls of brand weapon
Potions
 c - 2 potions of haste {unknown}
 d - a potion of invisibility
 h - 3 potions of curing {unknown}
 i - a potion of might
 l - 3 potions of brilliance {unknown}
 o - a potion of resistance
 t - a potion of flight
 B - 4 potions of lignification {unknown}
 O - a potion of cancellation
 R - a potion of heal wounds
 T - 6 potions of ambrosia
Miscellaneous
 f - a lightning rod (4/4)


   Skills:
 + Level 3.4 Fighting
 - Level 2.1 Polearms
 + Level 3.3 Armour
 + Level 4.1 Dodging
 - Level 1.7 Stealth
 + Level 10.9 Spellcasting
 * Level 14.5 Conjurations
 + Level 10.6 Fire Magic
 * Level 6.3 Air Magic
 + Level 1.2 Evocations


You had 5 spell levels left.
You knew the following spells:

 Your Spells              Type           Power      Damage    Failure   Level
a - Foxfire               Conj/Fire      100%       2x1d9     1%          1
b - Sticky Flame          Conj/Fire      100%       2d11      1%          4
c - Fireball              Conj/Fire      50%        3d20      1%          5
d - Lightning Bolt        Conj/Air       27%        1d44      2%          5
e - Mephitic Cloud        Conj/Pois/Air  42%        N/A       1%          3
f - Iskenderun's Battles  Conj           66%        2d12      1%          5
g - Bolt of Magma         Conj/Fire/Erth 41%        4d17      7%          5

Your spell library contained the following spells:

 Spells                   Type           Power      Damage    Failure   Level
 Shock                    Conj/Air       100%       1d9       1%          1
 Searing Ray              Conj           100%       3d7       1%          2
 Static Discharge         Conj/Air       55%        N/A       1%          2
 Conjure Flame            Conj/Fire      100%       6-21      1%          3
 Dazzling Flash           Conj/Hex       88%        N/A       1%          3
 Swiftness                Air            39%        N/A       1%          3
 Inner Flame              Hex/Fire       68%        N/A       2%          3
 Ignite Poison            Fire/Tmut/Pois 58%        N/A       5%          3
 Passwall                 Tmut/Erth      9%         N/A       12%         2
 Summon Lightning Spire   Summ/Air       25%        N/A       21%         4
 Frozen Ramparts          Ice            22%        1d4       22%         3
 Ice Form                 Ice/Tmut       11%        N/A       58%         4
 Summon Ice Beast         Ice/Summ       11%        N/A       58%         4
 Ignition                 Fire           46%        3d13      99%         8
 Invisibility             Hex            5%         N/A       100%        6
 Storm Form               Tmut/Air       12%        N/A       100%        7
 Lehudib's Crystal Spear  Conj/Erth      22%        10d6      100%        8
 Maxwell's Capacitive Co  Air            19%        ∞         100%        8


Dungeon Overview and Level Annotations

Branches:
Dungeon (15/15)            Temple (0/1) D:6            Lair (0/6) D:8
    Orc (2/2) D:9          Vaults (0/5) D:13
    Elf: Orc:2       Depths: D:15

Altars:
Makhleb
Sif Muna
Vehumet
Wu Jian
The Shining One

Shops:
D:3 !:   D:9 [

Annotations:
D:7 3 runed translucent doors, Thatpatchoflichen's ghost, novice DrIE
D:13 2 transporters, OhItsWolfy's ghost, journeyman GrFi
D:15 Nessos


Innate Abilities, Weirdness & Mutations

You have hooves in place of feet.
You are partially covered in thin metallic scales. (AC +2)
You are mostly covered in sharp spines.
Spells you cast may paralyse adjacent enemies.


Message History

The orc warrior is heavily wounded.
Malevolent energies surge around you.
The orc warrior suddenly stops moving!
The orc suddenly stops moving!
You hear a shout! x2
The orc warrior is engulfed in noxious fumes.
The orc warrior appears confused.
The orc is engulfed in noxious fumes.
The orc appears confused.
The orc warlord is engulfed in noxious fumes.
The orc warlord hits you with a +2 dire flail of venom.
The troll is engulfed in noxious fumes.
The troll appears confused.
The troll bites the orc warrior!
The troll claws the orc warrior!
The orc warrior is killed!
Sif Muna accepts your kill.
Unknown command.
Unknown command.
Casting: Mephitic Cloud (safe; 1% risk of failure)
Confirm with . or Enter, or press ? or * to list all spells.
Aiming: Lightning Bolt (dangerous; 2% risk of failure)
Press: ? - help, Shift-Dir - straight line, f - orc warrior, p - orc
Aim: an orc warrior, wielding a +0 war axe and wearing a +0 chain mail (strong, 60% to hit)
You hear a mighty clap of thunder!
The bolt of lightning hits the orc warlord!!
The orc warlord is moderately wounded.
The bolt of lightning misses the orc warrior.
Malevolent energies surge around you.
You hear a shout!
The orc is engulfed in noxious fumes.
The orc appears confused.
The orc warlord is engulfed in noxious fumes.
The orc warlord hits you with a +2 dire flail of venom!!
You are poisoned.
The troll is engulfed in noxious fumes.
The troll appears confused.
The orc warrior is engulfed in noxious fumes.
The orc warrior appears confused.
The orc warrior hits the orc warlord with a +0 war axe!
Unknown command.
You feel extremely sick.
The orc is engulfed in noxious fumes.
The orc appears confused.
The orc warlord is engulfed in noxious fumes.
The orc warlord hits you with a +2 dire flail of venom!!!
You die...

##...............
................#.....
....##....................
.............$[...........
.......##.................
......##..$[[.............
$......##o§○$............
....)[)#[oo§T...........
#..[[$)@☼.))[.....#
...$..[#[[)..)......##
####$+##.....[[......#
##......#....##
###.#...#...# ###...#...#
##.###.## ##..#### #....#


You could see an orc warlord, a troll (confused), an orc warrior (strong,
confused) and an orc (strong, paralysed, confused).

Vanquished Creatures
  An orc warlord (Orc:1)
  A boulder beetle (D:14)
  4 vault guards (D:13)
  A hydra (D:14)
  An ogre mage (D:13)
  Erica (D:11)
  2 centaur warriors
  5 two-headed ogres
  4 tengu warriors (D:13)
  Sonja (Orc:1)
  2 wizards
  Pikel (D:5)
  5 orc knights
  2 deep elf pyromancers
  3 orc sorcerers (Orc:2)
  An ugly thing (D:13)
  3 manticores
  3 cyclopes
  A guardian serpent (D:11)
  Joseph (D:7)
  A gargoyle (D:11)
  An unseen horror (D:12)
  A kobold demonologist (D:11)
  2 yaktaurs (D:13)
  A queen bee (D:9)
  4 trolls
  2 hornets
  6 slime creatures (D:12)
  A shadow (D:12)
  The ghost of acemry the Destroyer, an amateur DECj (D:4)
  16 yaks
  A wyvern (D:8)
  A vampire (D:14)
  A basilisk (D:14)
  A steam dragon (D:9)
  8 vampire mosquitoes (D:14)
  Edmund (D:6)
  2 wargs
  An acid dragon (D:13)
  3 water moccasins
  26 orc warriors
  2 necrophages
  A sky beast (D:6)
  11 ogres
  4 boggarts (D:14)
  4 centaurs
  3 lemures (D:5)
  7 kobold brigands
  A bullfrog (D:7)
  5 gnoll sergeants
  8 scorpions
  A wyvern zombie (D:7)
  29 killer bees
  4 wights (D:9)
  2 howler monkeys
  4 electric eels (D:8)
  6 centaur zombies
  4 orc priests
  A bullfrog skeleton (D:6)
  A hound (D:6)
  A gnoll shaman (D:5)
  An iguana (D:4)
  Natasha (thrice) (D:2)
  15 orc wizards
  A howler monkey zombie (D:9)
  A howler monkey skeleton (D:7)
  18 gnolls
  12 adders
  A shadow imp (D:6)
  3 white imps
  5 dart slugs
  52 orcs
  6 endoplasms
  3 giant cockroaches (D:1)
  3 hobgoblins (D:1)
  33 kobolds
  6 quokkas
  8 ball pythons
  15 bats
  11 goblins
  6 rats
426 creatures vanquished.

Vanquished Creatures (collateral kills)
  11 foxfires
11 creatures vanquished.

Vanquished Creatures (others)
  1117 foxfires
  32 fungi
  25 plants
1174 creatures vanquished.

Grand Total: 1611 creatures vanquished

Notes
Turn   | Place    | Note
-------+----------+-------------------------------------------
     0 | D:1      | rogsnak the Demonspawn Fire Elementalist began the quest
                  | for the Orb.
     0 | D:1      | Reached XP level 1. HP: 13/13 MP: 3/3
   128 | D:1      | Found a faded altar of an unknown god.
   310 | D:1      | Gained mutation: You have large cloven feet. [demonic
                  | ancestry]
   310 | D:1      | Reached XP level 2. HP: 19/19 MP: 1/5
  1348 | D:2      | Gained mutation: You have hoof-like feet. [demonic
                  | ancestry]
  1348 | D:2      | Reached XP level 3. HP: 24/24 MP: 3/6
  1622 | D:2      | Reached skill level 2 in Conjurations
  1696 | D:2      | Noticed Natasha
  1700 | D:2      | Killed Natasha
  1701 | D:2      | Reached XP level 4. HP: 26/30 MP: 3/8
  1717 | D:2      | Noticed Natasha
  1723 | D:2      | Killed Natasha
  1835 | D:2      | Noticed Natasha
  1847 | D:2      | Killed Natasha
  1848 | D:2      | Reached skill level 3 in Conjurations
  1848 | D:2      | Gained mutation: Spells you cast may paralyse adjacent
                  | enemies. [demonic ancestry]
  1848 | D:2      | Reached XP level 5. HP: 4/35 MP: 0/9
  2973 | D:3      | Found Fueh's Book Emporium.
  3449 | D:3      | Found Ratinn's Distillery.
  3955 | D:4      | Noticed a necrophage
  3959 | D:4      | Killed a necrophage
  3960 | D:4      | Reached skill level 4 in Conjurations
  3960 | D:4      | Reached XP level 6. HP: 41/41 MP: 6/11
  3965 | D:4      | Learned a level 4 spell: Sticky Flame
  3971 | D:4      | Learned a level 5 spell: Fireball
  4494 | D:4      | Found a runed translucent gate.
  4494 | D:4      | Found a runed translucent gate.
  4494 | D:4      | Found a runed translucent gate.
  4495 | D:4      | Noticed acemry's ghost (amateur DECj)
  4767 | D:4      | Killed acemry's ghost
  4768 | D:4      | Reached skill level 5 in Conjurations
  4768 | D:4      | Gained mutation: You are partially covered in sharp spines.
                  | [demonic ancestry]
  4768 | D:4      | Reached XP level 7. HP: 47/47 MP: 4/12
  4881 | D:5      | Entered Level 5 of the Dungeon
  5127 | D:4      | Reached skill level 5 in Fire Magic
  5159 | D:5      | Reached skill level 6 in Conjurations
  5326 | D:5      | Gained mutation: You are mostly covered in sharp spines.
                  | [demonic ancestry]
  5326 | D:5      | Reached XP level 8. HP: 53/53 MP: 9/14
  5362 | D:5      | Found a burning altar of Makhleb.
  5381 | D:5      | Found a shimmering blue altar of Sif Muna.
  5381 | D:5      | Noticed Pikel
  5419 | D:5      | Became a worshipper of Sif Muna the Loreminder
  5483 | D:5      | Killed Pikel
  5484 | D:5      | Reached skill level 1 in Fighting
  5484 | D:5      | Reached skill level 5 in Spellcasting
  5484 | D:5      | Reached skill level 7 in Conjurations
  6098 | D:6      | Noticed Edmund
  6108 | D:6      | Killed Edmund
  6254 | D:6      | Found a staircase to the Ecumenical Temple.
  6603 | D:7      | Noticed a seven-headed hydra
  6603 | D:7      | Found a runed translucent gate.
  6603 | D:7      | Found a runed translucent gate.
  6603 | D:7      | Found a runed translucent gate.
  6656 | D:7      | Noticed Thatpatchoflichen's ghost (novice DrIE)
  6680 | D:7      | Gained mutation: You are partially covered in thin metallic
                  | scales. (AC +2) [demonic ancestry]
  6680 | D:7      | Reached XP level 9. HP: 55/59 MP: 11/17
  6941 | D:7      | Identified the +7 spear of a sewer {flame, rPois rC- Int+8}
  7001 | D:7      | Reached * piety under Sif Muna
  7005 | D:7      | Reached skill level 8 in Conjurations
  7283 | D:7      | Noticed Joseph
  7668 | D:7      | Noticed a two-headed ogre
  7692 | D:6      | Killed a two-headed ogre
  7693 | D:6      | Reached skill level 9 in Conjurations
  7788 | D:7      | Killed Joseph
  7851 | D:7      | Reached skill level 1 in Polearms
  8170 | D:8      | Reached XP level 10. HP: 66/66 MP: 8/20
  8471 | D:8      | Found a staircase to the Lair.
  8715 | D:8      | Reached skill level 10 in Conjurations
  9214 | D:9      | Reached ** piety under Sif Muna
  9428 | D:9      | Found Tesac's Armour Boutique.
  9652 | D:9      | Found a radiant altar of Vehumet.
  9945 | D:9      | Reached *** piety under Sif Muna
 10027 | D:9      | Found a staircase to the Orcish Mines.
 10234 | D:8      | Reached skill level 11 in Conjurations
 10446 | D:10     | Entered Level 10 of the Dungeon
 10448 | D:10     | Noticed a two-headed ogre
 10458 | D:10     | Killed a two-headed ogre
 10459 | D:10     | Gained mutation: You have hooves in place of feet. [demonic
                  | ancestry]
 10459 | D:10     | Reached XP level 11. HP: 35/73 MP: 12/23
 10476 | D:10     | Upgraded the game from 0.27.1 to 0.27.1-1-g398f81649c
 10555 | D:10     | Noticed a two-headed ogre
 10826 | D:10     | Found an ornate altar of the Wu Jian Council.
 10995 | D:10     | Learned a level 5 spell: Lightning Bolt
 11179 | D:10     | You fall into a shaft and drop 3 floors!
 11190 | D:13     | Noticed a two-headed ogre
 11197 | D:13     | Killed a two-headed ogre
 11198 | D:13     | Reached skill level 1 in Air Magic
 11383 | D:13     | Noticed a tengu warrior
 11524 | D:13     | Noticed a centaur warrior
 11537 | D:13     | Killed a centaur warrior
 11538 | D:13     | Reached skill level 1 in Armour
 11554 | D:13     | Noticed a tengu warrior
 11594 | D:13     | Killed a tengu warrior
 11614 | D:13     | Killed a tengu warrior
 11773 | D:11     | Reached skill level 12 in Conjurations
 11773 | D:11     | Reached skill level 1 in Evocations
 11819 | D:11     | Reached **** piety under Sif Muna
 11878 | D:11     | Noticed a two-headed ogre
 11885 | D:11     | Killed a two-headed ogre
 12375 | D:11     | Got the Collected Works on Venomous Heat
 12472 | D:11     | Reached XP level 12. HP: 81/81 MP: 16/25
 12544 | D:11     | Identified the +0 ring mail of Efunkoul {Will+}
 12644 | D:11     | Learned a level 3 spell: Mephitic Cloud
 12743 | D:10     | Killed a two-headed ogre
 13079 | D:11     | Noticed Erica
 13091 | D:11     | Killed Erica
 14118 | D:12     | You fall into a shaft and drop 1 floor!
 14753 | D:13     | Noticed a vault guard
 14798 | D:13     | Killed a vault guard
 14799 | D:13     | Reached skill level 13 in Conjurations
 14875 | D:13     | Noticed a tengu warrior
 14890 | D:13     | Killed a tengu warrior
 14961 | D:13     | Found a transporter.
 14961 | D:13     | Noticed OhItsWolfy's ghost (journeyman GrFi)
 14961 | D:13     | Identified the +3 dire flail "Xyceimak" {flame, rPois rF-
                  | Int+3}
 14961 | D:13     | Noticed a two-headed ogre
 14962 | D:13     | Noticed a two-headed ogre
 14963 | D:13     | Found a transporter.
 14964 | D:13     | Noticed a two-headed ogre
 14969 | D:13     | Noticed a tengu warrior
 14973 | D:13     | Killed a tengu warrior
 15039 | D:13     | Reached skill level 10 in Fire Magic
 15172 | D:13     | Noticed a vault guard
 15172 | D:13     | Noticed a vault guard
 15172 | D:13     | Noticed a vault guard
 15172 | D:13     | Noticed an ogre mage
 15180 | D:13     | Killed a vault guard
 15214 | D:13     | Killed a vault guard
 15215 | D:13     | Reached skill level 10 in Spellcasting
 15215 | D:13     | Killed a vault guard
 15216 | D:13     | Reached skill level 5 in Air Magic
 15216 | D:13     | Reached XP level 13. HP: 73/86 MP: 7/27
 15361 | D:13     | Found a gate to the Vaults.
 16410 | D:15     | Entered Level 15 of the Dungeon
 16411 | D:15     | Noticed Nessos
 16544 | Orc:1    | Entered Level 1 of the Orcish Mines
 16550 | Orc:1    | Noticed Sonja
 16553 | Orc:1    | Killed Sonja
 16554 | Orc:1    | Reached skill level 14 in Conjurations
 16787 | Orc:1    | You fall into a shaft and drop 1 floor!
 16787 | Orc:2    | Entered Level 2 of the Orcish Mines
 17135 | Orc:2    | Reached ***** piety under Sif Muna
 17452 | Orc:2    | Received a gift from Sif Muna
 17454 | Orc:2    | Got Ereshkigal's Grimoire of Attacks {god gift}
 17463 | Orc:1    | Learned a level 5 spell: Iskenderun's Battlesphere
 17469 | Orc:1    | Learned a level 5 spell: Bolt of Magma
 17641 | Orc:2    | Noticed an orc warlord
 17775 | Orc:2    | Noticed an orc warlord
 17907 | Orc:1    | Killed an orc warlord
 17961 | Orc:2    | Slain by an orc warlord

Illustrated notes

Levels and vault maps discovered:
D:1:      dpeg_arrival_boxes_within_box, layout_basic,
          ebering_ecumenical_altar_sacrificial, minmay_door_square
D:2:      minmay_kobold_bridge, layout_rooms, serial_park_tiny_pond,
          serial_bayou_pond_d, uniq_natasha
D:3:      layout_loops_corners, serial_shops, nicolae_shop_trees, shop
D:4:      layout_cave_pools, gammafunk_ghost_nasty_kobolds
D:5:      layout_rooms, lemuel_tele_altar, bloody_makhleb, uniq_pikel
D:6:      layout_basic, minmay_temple_entry_waves, uniq_edmund
D:7:      old_forge, layout_rooms, gammafunk_ghost_split, uniq_joseph
D:8:      layout_loops_ring, lair_entry_dummy, roderic_roman_lattice,
          minivault_4, serial_bayou_lake_a
D:9:      layout_roguey [special_room_bee], vehumet_crystals,
          kennysheep_orc_monster_closet_entryway, serial_shops, shop
D:10:     layout_basic, nicolae_wu_jian_wuxing_cycle, minmay_misc_feat_roman
D:11:     layout_cave_pods, nrook_guardian_serpent_double, uniq_erica
D:12:     layout_cave_pods, hangedman_abyss_or_decor_clamps, minivault_14
D:13:     wad_pebble_path, layout_loops_ring, grunt_vaults_entry_fortified,
          gammafunk_ghost_smash
D:14:     layout_rooms, tso_metal_star
D:15:     hangedman_depths_entry_civil_slaughter, layout_basic,
          small_statue_intersection, uniq_nessos
Orc:1:    layout_caves, serial_shops, nicolae_shop_stone, uniq_sonja
Orc:2:    grunt_orc_gardens, layout_caves, grunt_orc_garden, grunt_orc_garden,
          grunt_orc_garden, grunt_orc_garden, minmay_orc_treasury

Skill      XL: |  1  2  3  4  5  6  7  8  9 10 11 12 13 |
---------------+----------------------------------------+-----
Fire Magic     | 3 4 5 6 8 10 | 10.6
Conjurations   | 2 3 4 5 6 7 9 11 12 13 14 | 14.5
Spellcasting   | 3 4 5 7 8 9 10 | 10.9
Dodging        | 2 3 4 |  4.1
Fighting       | 1 2 3 |  3.4
Polearms       | 1 2 |  2.1
Air Magic      | 3 5 6 |  6.3
Armour         | 2 3 |  3.3
Evocations     | 1 |  1.2
Stealth        | |  1.7

Action                   |  1- 3 |  4- 6 |  7- 9 | 10-12 | 13-15 || total
-------------------------+-------+-------+-------+-------+-------++-------
Melee: Unarmed           |     3 |       |       |       |       ||     3
       Short sword       |    15 |    13 |       |       |       ||    28
       Kick              |     3 |     3 |     8 |    32 |     8 ||    54
       Whip              |       |    14 |       |       |       ||    14
       Rapier            |       |       |     9 |       |       ||     9
       Flail             |       |       |    12 |    35 |     2 ||    49
       Spear             |       |       |     8 |    92 |       ||   100
       Staff             |       |       |       |     4 |    25 ||    29
 Cast: Foxfire           |    70 |   116 |   160 |   242 |    86 ||   674
       Sticky Flame      |       |       |    20 |    63 |    45 ||   128
       Fireball          |       |       |     3 |    46 |    60 ||   109
       Mephitic Cloud    |       |       |       |     7 |    20 ||    27
       Lightning Bolt    |       |       |       |     1 |     2 ||     3
       Iskenderun's Batt |       |       |       |       |     6 ||     6
Evoke: Wand              |       |       |       |     9 |     1 ||    10
  Use: Scroll            |       |       |       |       |    11 ||    11
 Stab: Sleeping          |     1 |       |     1 |       |       ||     2
       Paralysed         |       |     3 |    12 |    42 |    14 ||    71
       Confused          |       |       |       |       |     1 ||     1
Armor: Robe              |     5 |     6 |     4 |       |       ||    15
       Steam dragon scal |       |       |       |    20 |       ||    20
       Troll leather arm |       |       |       |    26 |    10 ||    36
Dodge: Dodged            |    13 |    20 |    18 |   126 |    53 ||   230
